 Dungeon Crawl Stone Soup version 0.27-a0-364-g31b3477d74 (webtiles) character file.

Game seed: 5173036721822789666

487 tilp the Insei (level 7, 0/48 HPs)
             Began as an Octopode Transmuter on Feb 16, 2021.
             Killed from afar by an orc wizard (11 damage)
             ... with a puff of flame
             ... on level 5 of the Dungeon.
             The game lasted 00:06:49 (6126 turns).

tilp the Insei (Octopode Transmuter)                Turns: 6126, Time: 00:06:50

Health: 0/48       AC:  1    Str:  9    XL:     7   Next: 13%
Magic:  9/10       EV: 13    Int: 18    God:
Gold:   153        SH:  4    Dex: 12    Spells: 7/10 levels left

rFire    . . .     SeeInvis .     - Unarmed
rCold    . . .     Faith    .   q - +0 buckler
rNeg     . . .     Spirit   .   (helmet restricted)
rPois    .         Reflect  .   (no amulet)
rElec    .         Harm     .   (no ring)
rCorr    .         Rampage  .   (no ring)
Will     .....                  (no ring)
Stlth    +++.......             (no ring)
HPRegen  0.16/turn              (no ring)
MPRegen  0.12/turn              (no ring)
                                (no ring)
                                (no ring)

@: wereblooded
A: almost no armour, stealthy swim, amphibious, 8 rings, constrict 8, camouflage
1, gelatinous body 1
a: no special abilities


You were on level 5 of the Dungeon.
You visited 1 branch of the dungeon, and saw 5 of its levels.

You collected 288 gold pieces.
You spent 135 gold pieces at shops.

Inventory:

Missiles
 b - 123 stones
 c - 4 boomerangs (quivered)
 n - 8 javelins
Armour
 q - a +0 buckler (worn)
Wands
 k - a wand of mindburst (4)
 m - a wand of charming (4)
Scrolls
 d - a scroll of enchant armour {unknown}
 e - a scroll of fog {unknown}
 h - a scroll of teleportation
 t - a scroll of fear {unknown}
 u - a scroll of magic mapping {unknown}
 v - a scroll of torment {unknown}
 w - a scroll of random uselessness {unknown}
Potions
 a - a potion of heal wounds {unknown}
 f - a potion of haste {unknown}
 g - a potion of curing {unknown}
 i - a potion of might {unknown}
 j - a potion of mutation {unknown}
 l - a potion of magic {unknown}
 o - 2 potions of attraction
 r - 2 potions of lignification


   Skills:
 - Level 4.0 Fighting
 - Level 2.0 Dodging
 - Level 4.0 Stealth
 - Level 2.0 Shields
 + Level 5.5 Unarmed Combat
 - Level 2.0 Spellcasting
 - Level 2.0 Transmutations


You had 7 spell levels left.
You knew the following spells:

 Your Spells              Type           Power        Failure   Level
a - Beastly Appendage     Tmut           18%          10%         1
b - Wereblood             Tmut           9%           16%         2

Your spell library contained the following spells:

 Spells                   Type           Power        Failure   Level
 Spider Form              Tmut/Pois      2%           41%         3
 Ice Form                 Ice/Tmut       5%           83%         4
 Blade Hands              Tmut           4%           95%         5


Dungeon Overview and Level Annotations

Branches:
Dungeon (5/15)
 Temple: D:4-7

Altars:
Fedhas

Shops:
D:4 *


Innate Abilities, Weirdness & Mutations

You cannot wear most types of armour.
You are very stealthy in the water. (Stealth+)
You are amphibious.
You can wear up to eight rings at the same time.
You can use your tentacles to constrict eight enemies at once.
Your skin changes colour to match your surroundings (Stealth+).
Your rubbery body absorbs attacks. (AC +1, EV +1)


Message History

You closely miss the orc.
The orc shouts!
You grab the orc. Your squeeze misses the orc.
The orc is moderately wounded.
You constrict the orc. You block the orc's attack.
You bludgeon the orc!
You kill the orc!
You howl as the wereblood boils in your veins!
The orc wizard points at itself and mumbles some strange words.
The orc wizard flickers and vanishes!
Deactivating autopickup; reactivate with Ctrl-A.
Unknown command.
You closely miss something.
You pierce something.
Something hits you. Something freezes you.
You tentacle-slap something.
Your tentacle spike misses something.
Something hits you. Something freezes you. The orc hits you but does no damage.
You miss something. Something hits you but does no damage.
The orc completely misses you.
You tentacle-slap something.
Your tentacle spike disappears.
Something hits you. Something freezes you. The orc hits you but does no damage.
The orc misses you.
You barely miss something. Something hits you but does no damage.
The orc misses you. You block the orc's attack.
You bludgeon something! Your squeeze misses something. Something hits you.
Something freezes you. The orc barely misses you.
The orc hits you from afar with a +0 trident.
You closely miss something.
Your tentacle-slap misses something.
You hear some strange, mumbled words.
A puff of flame appears from out of thin air!
The puff of flame hits you!
* * * LOW HITPOINT WARNING * * *
The orc hits you with a +0 dagger.
* * * LOW HITPOINT WARNING * * *
The orc barely misses you.
You howl as the wereblood boils in your veins!
You hear some strange, mumbled words.
A puff of flame appears from out of thin air!
The puff of flame hits you!
You die...

##########
#........#
#.######.#
#@# #.#
#.# #.#
..>..oo{#
#.#
.###.####
#.# .. #.#
## #.#
#..# #.#
#..# #.#
###..##
#.#


You could see an orc.

Vanquished Creatures
  A scorpion (D:4)
  A centaur zombie (D:5)
  2 centaur skeletons (D:4)
  Ijyb (D:3)
  Jessica (D:2)
  Natasha (thrice) (D:3)
  2 worker ants (D:4)
  A hound skeleton (D:4)
  A howler monkey skeleton (D:4)
  5 adders
  An ooze (D:3)
  A dart slug (D:3)
  2 leopard geckos
  10 orcs
  8 bats
  4 giant cockroaches
  A goblin (D:1)
  10 hobgoblins
  13 jackals
  11 kobolds
  3 ball pythons (D:2)
  6 frilled lizards
  A jackal skeleton (D:4)
  9 rats
98 creatures vanquished.

Notes
Turn   | Place    | Note
-------+----------+-------------------------------------------
     0 | D:1      | tilp the Octopode Transmuter began the quest for the Orb.
     0 | D:1      | Reached XP level 1. HP: 13/13 MP: 3/3
   109 | D:1      | Reached skill level 1 in Stealth
   169 | D:1      | Reached XP level 2. HP: 14/18 MP: 5/5
   393 | D:1      | Learned a level 2 spell: Wereblood
   597 | D:1      | Reached XP level 3. HP: 21/23 MP: 6/6
  1129 | D:2      | Found a blossoming altar of Fedhas.
  1472 | D:2      | Noticed Jessica
  1479 | D:2      | Killed Jessica
  1480 | D:2      | Reached XP level 4. HP: 24/29 MP: 5/7
  2015 | D:3      | Noticed Ijyb
  2037 | D:3      | Killed Ijyb
  2237 | D:3      | Reached XP level 5. HP: 30/35 MP: 6/8
  2365 | D:3      | Reached skill level 4 in Unarmed Combat
  2540 | D:3      | Noticed Natasha
  2555 | D:3      | Killed Natasha
  2943 | D:3      | Noticed Natasha
  2955 | D:3      | Killed Natasha
  3541 | D:3      | Noticed Natasha
  3552 | D:3      | Killed Natasha
  3553 | D:3      | Reached XP level 6. HP: 42/42 MP: 7/9
  4207 | D:4      | Reached skill level 5 in Unarmed Combat
  4998 | D:4      | Reached skill level 1 in Shields
  5496 | D:4      | Reached XP level 7. HP: 44/48 MP: 8/10
  5632 | D:4      | Found Qurustre's Assorted Antiques.
  5828 | D:4      | Bought a scroll labelled LABOMOTIR for 27 gold pieces
  5828 | D:4      | Bought a scroll labelled OCLIOLIEZE for 27 gold pieces
  5828 | D:4      | Bought a scroll labelled SUYBRI WAGODO for 27 gold pieces
  5828 | D:4      | Bought a scroll labelled REISHR QAUTUL for 27 gold pieces
  5828 | D:4      | Bought a scroll labelled CIUBRUD YROAW for 27 gold pieces
  5863 | D:5      | Entered Level 5 of the Dungeon
  6126 | D:5      | Killed from afar by an orc wizard

Illustrated notes

Levels and vault maps discovered:
D:1:      minmay_arrival_stair_chambers, layout_loops_ring
D:2:      layout_basic, fedhas_altar_1, uniq_jessica
D:3:      layout_loops_ring, serial_rivers, chequers_serial_rivers_micro_b,
          chequers_serial_rivers_small_b, chequers_serial_rivers_micro_e,
          chequers_serial_rivers_room_a, grunt_ministairs_6,
          chequers_serial_rivers_micro_a, minmay_quantized, uniq_natasha,
          uniq_ijyb
D:4:      layout_loops_cross, serial_shops, kennysheep_mini
D:5:      layout_loops_ring, nicolae_underground_beach

Skill      XL: |  1  2  3  4  5  6  7 |
---------------+----------------------+-----
Stealth        | 2 3 4 |  4.0
Fighting       | 2 3 4 |  4.0
Unarmed Combat | 4 5 |  5.5
Shields        | 1 2 |  2.0
Dodging        | |  2.0
Spellcasting   | |  2.0
Transmutations | |  2.0

Action                   |  1- 3 |  4- 6 |  7- 9 || total
-------------------------+-------+-------+-------++-------
Melee: Unarmed           |    73 |   167 |    26 ||   266
       Constrict         |    21 |    35 |     2 ||    58
       Tentacles         |    13 |    29 |     2 ||    44
       Kick              |     5 |    26 |     5 ||    36
       Punch             |     1 |     5 |     1 ||     7
Throw: Boomerang         |     2 |    21 |     1 ||    24
 Cast: Beastly Appendage |     4 |    19 |     2 ||    25
       Wereblood         |     1 |     9 |     1 ||    11
  Use: Scroll            |       |       |     3 ||     3
 Stab: Sleeping          |     8 |     9 |       ||    17
Armor: Skin              |     3 |     4 |     1 ||     8
Dodge: Dodged            |    49 |    91 |    14 ||   154
Block: Buckler           |       |     4 |     4 ||     8

Table legend: (Time is in decaauts)
 A = Elapsed time spent in this place.
 B = Non-inter-level travel time spent in this place.
 C = Inter-level travel time spent in this place.
 D = Time resting spent in this place.
 E = Time spent auto-exploring this place.
 F = Levels seen in this place.
 G = Mean time per level.
                   A        B        C        D        E       F      G
               +--------+--------+--------+--------+--------+-----+--------+
         Total |   6125 |   5862 |    263 |   1555 |   3637 |   5 | 1225.0 |
       Dungeon |   6125 |   5862 |    263 |   1555 |   3637 |   5 | 1225.0 |
               +--------+--------+--------+--------+--------+-----+--------+

Top non-repeatable levels by time:
     D:3: 2354 daAuts
     D:4: 1502 daAuts
     D:1: 1029 daAuts
     D:2: 977 daAuts
     D:5: 261 daAuts
